 Dungeon Crawl Stone Soup version 0.15.1-1-gfacfea3 (webtiles) character file.

756 CrazyArbalest the Nimble (level 7, -1/34 HPs)
             Began as a Spriggan Enchanter on Sept 21, 2014.
             Was a Follower of Dithmenos.
             Slain by an orc warrior
             ... wielding a +0 flail
              (4 damage)
             ... on Level 6 of the Dungeon.
             The game lasted 00:31:57 (6762 turns).

CrazyArbalest the Nimble (Spriggan Enchanter)       Turns: 6762, Time: 00:31:57

HP  -1/34        AC  6     Str  5      XL: 7   Next: 50%
MP   9/20        EV 24     Int 16      God: Dithmenos [*.....]
Gold 299         SH  0     Dex 18      Spells:  3 memorised,  7 levels left

rFire  . . .     SeeInvis +     y - +3 short sword
rCold  + . .     Clarity  .     b - +1 robe
rNeg   . . .     rCorr    .     (shield restricted)
rPois  .         rRot     .     (helmet restricted)
rElec  .         Spirit   .     (no cloak)
SustAb .         Warding  .     (gloves unavailable)
rMut   .         Stasis   .     (boots unavailable)
Gourm  .                        (no amulet)
MR     +....                    A - +3 ring of protection
                                e - ring of protection from cold

@: wreathed by umbra, very quick, somewhat resistant to hostile enchantments,
quite stealthy
A: unfitting armour, see invisible, herbivore 3, speed 3, slow metabolism 2
a: Renounce Religion


You were on level 6 of the Dungeon.
You worshipped Dithmenos.
Dithmenos was aware of your devotion.
You were not hungry.

You visited 2 branches of the dungeon, and saw 7 of its levels.

You collected 299 gold pieces.

Inventory:

Hand weapons
 a - a +1 dagger
 y - a +3 short sword (weapon)
Missiles
 q - 2 tomahawks of returning (quivered)
 v - 36 bolts
Armour
 b - a +1 robe (worn)
Comestibles
 n - 3 bread rations
Scrolls
 f - 3 scrolls of fog {unknown}
 g - 2 scrolls of fear {unknown}
 h - 2 scrolls of amnesia {unknown}
 i - a scroll of enchant armour {unknown}
 k - 4 scrolls of remove curse {unknown}
 m - a scroll of immolation {unknown}
 o - 6 scrolls of identify {unknown}
 p - 3 scrolls of teleportation {unknown}
 s - 2 scrolls of magic mapping {unknown}
 u - 2 scrolls of random uselessness {unknown}
 x - a scroll of enchant weapon {unknown}
 B - a scroll of recharging {unknown}
 D - 2 scrolls of vulnerability {unknown}
Jewellery
 e - a ring of protection from cold (left hand)
 A - a +3 ring of protection (right hand)
Potions
 d - a potion of porridge
 j - 2 potions of curing {unknown}
 l - a potion of cancellation {unknown}
 r - 2 potions of brilliance {unknown}
 t - 2 potions of heal wounds {unknown}
 w - a potion of agility {unknown}
 z - a potion of invisibility {unknown}
 C - 3 potions of might {unknown}
 E - a potion of resistance {unknown}
Books
 c - a book of Maledictions

   Spells                             Type                      Level
   *Corona                            Hexes                        1
   *Sure Blade                        Hexes/Charms                 2
   Ensorcelled Hibernation            Hexes/Ice                    2
   *Confuse                           Hexes                        3
   Dazzling Spray                     Conjuration/Hexes            3
   Enslavement                        Hexes                        4


   Skills:
 + Level 1.7 Fighting
 + Level 3.7 Short Blades
 + Level 8.0 Dodging
 + Level 7.3 Stealth
 + Level 3.5 Spellcasting
 + Level 4.7 Hexes


You had 7 spell levels left.
You knew the following spells:

 Your Spells              Type           Power        Failure   Level  Hunger
a - Corona                Hex            ###....      2%          1    None
b - Confuse               Hex            ###.....     10%         3    ###....
c - Sure Blade            Hex/Chrm       ##........   12%         2    ##.....


Dungeon Overview and Level Annotations

Branches:
Dungeon (6/15)             Temple (1/1) D:4

Altars:
Ashenzari
Dithmenos
Elyvilon
Fedhas
Kikubaaqudgha
Makhleb
Nemelex Xobeh
Okawaru
Qazlal
Sif Muna
Trog
Vehumet
Xom
Yredelemnul
Zin
The Shining One

Annotations:
D:2 Ijyb
D:5 Frenchkiss' ghost, average VSMo


Innate Abilities, Weirdness & Mutations

You are tiny and cannot use many weapons and most armour.
You have supernaturally acute eyesight.
You are a herbivore.
You cover ground extremely quickly.
You need consume almost no food.


Message History

You puncture the orc wizard!
You kill the orc wizard!
Dithmenos accepts your kill.
Dithmenos appreciates your extinguishing a source of fire.
Casting: Confuse
Confirm with . or Enter, or press ? or * to list all spells.
Aiming: Confuse
Press: ? - help, Shift-Dir - straight line, f - orc warrior
Aim: an orc warrior, wielding a flail and wearing a plate armour (umbra)
The orc warrior resists with significant effort.
The orc warrior hits you with a flail!
* * * LOW HITPOINT WARNING * * *
Casting: Confuse
Confirm with . or Enter, or press ? or * to list all spells.
Aiming: Confuse
Press: ? - help, Shift-Dir - straight line, f/p - orc warrior
Aim: an orc warrior, wielding a flail and wearing a plate armour (umbra)
The orc warrior resists with significant effort.
The orc warrior hits you with a flail.
You die... .#....#####.##.. ####........# ## .####+# +###. #........# # .. .. #........# # .. .. #........#### . .## #............ oo#

#....)....... #o#
#......)..... #o#
########)##'# #@##
#.........#.# #..#
#.......>.#.#
##.###.........#.#
#..##.........#.#
##.##.........+.#
#.#..........###
#...####'#'###
##### #....#####
#####........#


You could see an orc warrior and 3 orcs.

Vanquished Creatures
  Grinder (D:5)
  A giant frog (D:6)
  A crimson imp (D:5)
  An orc priest (D:6)
  3 orc wizards
  Natasha (twice) (D:3)
  2 iguanas (D:5)
  A worker ant (D:4)
  An ogre skeleton (D:5)
  A worker ant zombie (D:5)
  4 adders
  A worm (D:3)
  An adder skeleton (D:3)
  4 giant geckos
  12 orcs
  2 ball pythons
  12 bats
  3 giant cockroaches
  10 hobgoblins
  17 jackals
  13 kobolds
  2 quokkas (D:3)
  7 giant newts
  14 goblins
  5 rats
  A rat skeleton (D:6)
122 creatures vanquished.

Notes
Turn   | Place    | Note
--------------------------------------------------------------
     0 | D:1      | CrazyArbalest, the Spriggan Enchanter, began the quest for the Orb.
     0 | D:1      | Reached XP level 1. HP: 9/9 MP: 4/4
   134 | D:1      | Reached XP level 2. HP: 5/13 MP: 7/7
   956 | D:1      | Reached XP level 3. HP: 11/16 MP: 9/9
  1386 | D:1      | Learned a level 3 spell: Confuse
  1389 | D:1      | Learned a level 2 spell: Sure Blade
  1657 | D:2      | Found a shimmering altar of Xom.
  1715 | D:2      | Noticed Ijyb
  2551 | D:3      | Reached XP level 4. HP: 21/21 MP: 12/12
  2583 | D:3      | Reached skill level 5 in Stealth
  2589 | D:3      | Found a basalt altar of Yredelemnul.
  2916 | D:3      | Noticed Natasha
  2919 | D:3      | Killed Natasha
  2919 | D:3      | Reached skill level 5 in Dodging
  3389 | D:3      | Noticed Natasha
  3408 | D:3      | Killed Natasha
  3408 | D:3      | Reached XP level 5. HP: 8/25 MP: 15/15
  3830 | D:4      | Noticed an ogre
  4736 | D:4      | Found a staircase to the Ecumenical Temple.
  4745 | Temple   | Entered the Ecumenical Temple
  4804 | Temple   | Became a worshipper of Dithmenos the Shadowed
  4840 | D:4      | Found a shattered altar of Ashenzari.
  5151 | D:5      | Entered Level 5 of the Dungeon
  5151 | D:5      | Noticed Grinder
  5170 | D:5      | Killed Grinder
  5170 | D:5      | Reached skill level 1 in Fighting
  5170 | D:5      | Reached skill level 6 in Dodging
  5170 | D:5      | Reached XP level 6. HP: 30/30 MP: 14/18
  5184 | D:5      | Found an ancient bone altar of Kikubaaqudgha.
  5217 | D:5      | Reached skill level 7 in Dodging
  5353 | D:5      | Noticed Frenchkiss' ghost (average VSMo)
  5394 | D:5      | Reached XP level 7. HP: 23/33 MP: 20/20
  6736 | D:6      | Reached skill level 8 in Dodging
  6762 | D:6      | Slain by an orc warrior

Action                   |  1- 3 |  4- 6 |  7- 9 || total
-------------------------+-------+-------+-------++-------
Melee: Dagger            |   245 |   299 |       ||   544
       Short sword       |       |    16 |    77 ||    93
 Cast: Confuse           |       |     3 |    13 ||    16
 Stab: Sleeping          |     5 |     6 |     5 ||    16
       Confused          |       |     4 |     3 ||     7
       Distracted        |       |     1 |       ||     1
  Eat: Pizza             |       |     1 |     1 ||     2
       Bread ration      |       |       |     1 ||     1
